 Dungeon Crawl Stone Soup version 0.31-a0-920-g28cbb04a8c (webtiles) character file.

Game seed: 11255090081896377231

172 Azuregosa the Sneak (level 5, 0/36 HPs)
             Began as an Octopode Delver on Oct 17, 2023.
             Slain by an orc
             ... wielding a +0 dagger
              (3 damage)
             ... on level 4 of the Dungeon.
             The game lasted 00:11:01 (2912 turns).

Azuregosa the Sneak (Octopode Delver)               Turns: 2912, Time: 00:11:07

Health: 0/36       AC:  1    Str: 18    XL:     5   Next: 52%
Magic:  5/5        EV: 15    Int: 12    God:
Gold:   143        SH:  0    Dex: 15    Spells: 4/4 levels left

rFire   + . .        l - +0 halberd
rCold   + + .        (shield currently unavailable)
rNeg    . . .        (helmet restricted)
rPois   +            (no amulet)
rElec   +            y - +6 ring of strength
rCorr   +            A - ring of protection from fire
SInv    .            k - ring of ice
Will    +....        (no ring)
Stlth   ++++         (no ring)
HPRegen 0.26/turn    (no ring)
MPRegen 0.09/turn    (no ring)
                     (no ring)

%: no passive effects
@: resistant, enlightened, flying
A: almost no armour, amphibious, 8 rings, camouflage 1, gelatinous body 1,
(nimble swimmer 1), tentacles, screaming 1, wild magic 1, MP-powered wands
a: no special abilities


You were on level 4 of the Dungeon.
You visited 1 branch of the dungeon, and saw 6 of its levels.

You collected 143 gold pieces.

Inventory:

Hand Weapons
 f - a +0 trident
 l - a +0 halberd (weapon)
Missiles
 i - 4 poisoned darts
 n - 26 stones
Magical Staves
 v - a staff of death
Jewellery
 k - a ring of ice (on tentacle)
 y - a +6 ring of strength (left tentacle)
 A - a ring of protection from fire (right tentacle)
Talismans
 o - a maw talisman
 x - a storm talisman
Wands
 e - a wand of digging (3)
 r - a wand of iceblast (1)
Scrolls
 a - 2 scrolls of fog
 b - a scroll of revelation
 c - 3 scrolls of enchant weapon {unknown}
 h - 2 scrolls of noise {unknown}
 j - a scroll of summoning {unknown}
 q - a scroll of teleportation {unknown}
 s - a scroll of identify {unknown}
 t - a scroll of enchant armour {unknown}
Potions
 d - 2 potions of haste
 m - a potion of attraction {unknown}
 u - 2 potions of resistance
 w - a potion of magic {unknown}
 z - a potion of degeneration {unknown}
 B - a potion of curing {unknown}


   Skills:
 + Level 3.4 Fighting
 - Level 5.0 Dodging
 - Level 7.0 Stealth
 - Level 2.0 Unarmed Combat


You had 4 spell levels left.
You didn't know any spells.
Your spell library was empty.

Dungeon Overview and Level Annotations

Branches:
Dungeon (6/15)
 Temple: D:4-7

Altars:
Kikubaaqudgha
Sif Muna


Innate Abilities, Weirdness & Mutations

You cannot wear most types of armour.
You are amphibious.
You can wear up to eight rings at the same time.
Your skin changes colour to match your surroundings (Stealth+).
Your rubbery body absorbs attacks. (AC +1, EV +1)
((You are camouflaged when in or above water. (Stealth+)))
You have tentacles for arms and can constrict up to eight enemies at once.
You occasionally shout uncontrollably at your foes.
Your spells are a little harder to cast, but a little more powerful.
You expend magic power (3 MP) to strengthen your wands.


Message History

A puff of flame appears from out of thin air!
The puff of flame misses you.
You miss something. Something hits you.
You barely miss something.
The orc shouts!
Your squeeze misses something. Something hits you.
You hear some strange, mumbled words.
A magic dart appears from out of thin air!
The magic dart hits you.
You closely miss something. Something hits you.
You closely miss something. Your squeeze misses something.
Something hits you. x2
A kobold comes into view. It is wielding a +0 club.
You closely miss something.
The kobold shouts!
Your squeeze misses something.
You hear some strange, mumbled words.
A puff of flame appears from out of thin air!
The puff of flame hits you!
* * * LOW HITPOINT WARNING * * *
The orc hits you with a +0 dagger.
* * * LOW HITPOINT WARNING * * *
Okay, then.
It was a potion of resistance.
You feel protected. Something hits you.
* * * LOW HITPOINT WARNING * * *
The orc barely misses you.
It was a potion of enlightenment.
You feel very buoyant.
You fly up into the air.
Something hits you.
* * * LOW HITPOINT WARNING * * *
The orc barely misses you.
Okay, then.
It was a potion of mutation.
You feel extremely strange.
You feel the urge to shout.
You feel less in control of your magic.
You feel your magical essence link to the dungeon's wands.
Something hits you.
* * * LOW HITPOINT WARNING * * *
The orc hits you with a +0 dagger.
You die...

##.########.....#.o ##...
#.# #......#..## ##.. #.#
#..###.##..## #..# #.#
#...# #.##...###..## #.#
#...###............####
#.#
#.......>.#.........<.#
#..
........#...........#.###
##...##..{.#...####.<.....
. #.#@##....>.........
...#..o......###..#.##.
).......................
..........K.............
.~~~~.~~~†...~~.~~~.~..~
~≈~~~~~~..[..~~~≈~~≈~~~~
≈≈≈≈≈~≈~......~~≈≈~≈≈≈≈≈
≈≈≈≈≈~≈~~.....~≈≈≈≈≈≈≈≈≈
##########''############


You could see an orc and a kobold.

Vanquished Creatures
  A gnoll bouda (D:3)
  7 gnolls
  2 worms (D:3)
  A dart slug (D:1)
  7 endoplasms
  5 giant cockroaches
  6 goblins
  9 hobgoblins
  4 jackals
  2 quokkas
  6 ball pythons
  4 bats
  4 frilled lizards
  4 kobolds
  4 rats
66 creatures vanquished.

Notes
Turn   | Place    | Note
-------+----------+-------------------------------------------
     0 | D:5      | Azuregosa the Octopode Delver began the quest for the Orb.
     0 | D:5      | Reached XP level 1. HP: 16/16 MP: 1/1
    21 | D:6      | Noticed a scorpion
    50 | D:6      | Noticed a black bear
    77 | D:5      | Found an ancient bone altar of Kikubaaqudgha.
   109 | D:5      | Noticed an iguana
   212 | D:4      | Reached skill level 7 in Stealth
   236 | D:4      | Noticed a black bear
   236 | D:4      | Noticed an orc wizard
   298 | D:3      | Reached XP level 2. HP: 21/21 MP: 2/2
   484 | D:3      | Reached XP level 3. HP: 18/26 MP: 3/3
  1283 | D:1      | Reached XP level 4. HP: 30/31 MP: 4/4
  2208 | D:3      | Identified the +4 scale mail "Ablam" {rElec Will+}
  2220 | D:3      | Reached skill level 5 in Dodging
  2220 | D:3      | Reached XP level 5. HP: 7/36 MP: 5/5
  2731 | D:3      | Found a shimmering blue altar of Sif Muna.
  2912 | D:4      | Gained mutation: You occasionally shout uncontrollably at
                  | your foes. [potion of mutation]
  2912 | D:4      | Gained mutation: Your spells are a little harder to cast,
                  | but a little more powerful. [potion of mutation]
  2912 | D:4      | Gained mutation: You expend magic power (3 MP) to
                  | strengthen your wands. [potion of mutation]
  2912 | D:4      | Slain by an orc

Illustrated notes

Levels and vault maps discovered:
D:1:      dpeg_arrival_renting, layout_basic
D:2:      layout_rooms, minmay_octomino_j4
D:3:      layout_basic, mainiacjoe_overflow_surrounded_room,
          minmay_misc_feat_iff, kennysheep_generic_room_12
D:4:      minmay_goblin_kobold_castle, layout_loops_ring,
          nicolae_kite_square_tiling_tiny, minmay_cupped, uniq_eustachio
D:5:      layout_rooms, grunt_dithmenos_smoke_and_mirrors,
          kennysheep_little_box, nicolae_qazlal_style_of_elements,
          kiku_gazebo_garden_becter, minmay_manual_mullet
D:6:      layout_cave_pods, mainiacjoe_overflow_boulevard,
          minmay_temple_entry_statues_fountains, ebering_ghost_sewer_f,
          serial_column_ruins, column_ruins_open_large, column_ruins_grid_1,
          column_ruins_open_tiny, column_ruins_corridor_T,
          column_ruins_open_tiny, minmay_misc_feat_four_crosses,
          uniq_crazy_yiuf_cottage, uniq_edmund, uniq_menkaure

Skill      XL: |  1  2  3  4 |
---------------+-------------+-----
Stealth        | 7 |  7.0
Dodging        | 3 5 |  5.0
Fighting       | |  3.4
Unarmed Combat | |  2.0

Action                     |  1- 3 |  4- 6 || total
---------------------------+-------+-------++-------
  Melee: Trident           |    27 |       ||    27
         Constrict         |    13 |    11 ||    24
         Tentacles         |    12 |     5 ||    17
         Halberd           |    49 |    64 ||   113
         Punch             |       |     3 ||     3
    Use: Potion            |       |     3 ||     3
         Scroll            |       |     1 ||     1
   Stab: Sleeping          |    18 |     7 ||    25
 Armour: Skin              |    27 |    51 ||    78
  Dodge: Dodged            |    35 |    48 ||    83

Table legend: (Time is in decaauts)
 A = Elapsed time spent in this place.
 B = Non-inter-level travel time spent in this place.
 C = Inter-level travel time spent in this place.
 D = Time resting spent in this place.
 E = Time spent auto-exploring this place.
 F = Levels seen in this place.
 G = Mean time per level.
                   A        B        C        D        E       F      G
               +--------+--------+--------+--------+--------+-----+--------+
         Total |   2978 |   2884 |     94 |    613 |   1116 |   6 |  496.3 |
       Dungeon |   2978 |   2884 |     94 |    613 |   1116 |   6 |  496.3 |
               +--------+--------+--------+--------+--------+-----+--------+

Top non-repeatable levels by time:
     D:3: 1180 daAuts
     D:1: 898 daAuts
     D:2: 472 daAuts
     D:4: 312 daAuts
     D:5: 57 daAuts
     D:6: 56 daAuts
